 Dungeon Crawl Stone Soup version 0.23-a0-189-gc87c613 (webtiles) character file.

2076 Felrender the Slasher (level 9, -4/100 (102) HPs)
             Began as a Demonspawn Fighter on Sept 24, 2018.
             Slain by an orc warrior
             ... wielding a +0 battleaxe
              (10 damage)
             ... on level 6 of the Dungeon.
             The game lasted 00:12:49 (5807 turns).

Felrender the Slasher (Demonspawn Fighter)          Turns: 5807, Time: 00:12:50

HP:   -4/100 (102)  AC: 24    Str: 20    XL:     9   Next: 6%
MP:   9/9           EV:  2    Int: 10    God:
Gold: 294           SH: 10    Dex: 12    Spells: 8/8 levels left

rFire    . . .     SeeInvis .   a - +2 long sword
rCold    . . .     Gourm    +   c - +0 shield
rNeg     + + +     Faith    .   (armour currently unavailable)
rPois    +         Spirit   .   (helmet currently unavailable)
rElec    .         Reflect  .   (cloak currently unavailable)
rCorr    .         Harm     .   (gloves currently unavailable)
MR       .....     NoTele   +   (boots currently unavailable)
Stlth    +.........             g - amulet of the gourmand
HPRegen  0.26/turn              (no ring)
MPRegen  0.11/turn              (no ring)

@: tree-form
A: no striking features
a: no special abilities


You were on level 6 of the Dungeon.
You were very full.
You were a tree.
You visited 1 branch of the dungeon, and saw 6 of its levels.
You also visited: Sewer.

You collected 294 gold pieces.

Inventory:

Hand Weapons
 a - a +2 long sword (weapon)
 o - a +3 hand axe
 u - a +3 war axe
Armour
 c - a +0 shield (worn)
 k - a +0 cloak (melded)
 p - a +0 plate armour (melded)
Jewellery
 b - an uncursed ring of protection from magic {unknown}
 g - an amulet of the gourmand (around neck)
 i - an uncursed ring of fire
 t - an uncursed ring of protection from fire {unknown}
Wands
 d - a wand of paralysis (14)
 l - a wand of polymorph (11)
Scrolls
 e - a scroll of remove curse
 m - 2 scrolls of fear
 r - 3 scrolls of teleportation
 y - a scroll of amnesia
Potions
 h - 2 potions of lignification
 j - 8 potions of flight
 n - a potion of berserk rage
 q - a potion of magic {unknown}
 s - a potion of ambrosia {unknown}
 v - 6 potions of curing
 w - a potion of might
 x - 4 potions of heal wounds {unknown}
Comestibles
 f - 8 rations


   Skills:
 + Level 5.5 Fighting
 + Level 7.1 Long Blades
 + Level 5.3 Armour
 + Level 2.1 Dodging
 + Level 0.3 Stealth
 + Level 5.5 Shields
 + Level 0.3 Unarmed Combat


You had 8 spell levels left.
You didn't know any spells.
Your spell library contained the following spells:

 Spells                   Type           Power        Failure   Level  Hunger
 Animate Skeleton         Necr           N/A          77%         1    ##.....
 Apportation              Tloc           #.....       77%         1    ##.....
 Confusing Touch          Hex            #.....       77%         1    ##.....
 Shock                    Conj/Air       #...         77%         1    ##.....
 Summon Small Mammal      Summ           #...         77%         1    ##.....
 Swiftness                Chrm/Air       #.......     88%         2    ###....
 Static Discharge         Conj/Air       #.......     98%         3    ####...
 Airstrike                Air            #.........   100%        4    #####..
 Lightning Bolt           Conj/Air       #.........   100%        5    ######.


Dungeon Overview and Level Annotations

Branches:
Dungeon (6/15)
 Temple: D:4-7

Altars:
Cheibriados
Elyvilon
Fedhas
Nemelex Xobeh
Qazlal
Xom


Innate Abilities, Weirdness & Mutations

((You have a pair of antennae on your head.))
((When seriously injured, your bleeding wounds create thick armour. (AC +0)))


Message History

You block the orc warrior's attack.
You hit the orc warrior but do no damage.
The orc warrior is heavily wounded.
You slash the orc warrior!
The orc warrior is severely wounded.
The orc warrior hits you with a battleaxe.
* * * LOW HITPOINT WARNING * * *
You hit the orc warrior.
The orc warrior is severely wounded.
The orc warrior hits you with a battleaxe!
* * * LOW HITPOINT WARNING * * *
The orc priest begins to cast a cantrip, but forgets the words!
You hit the orc warrior.
The orc warrior is almost dead.
The orc warrior hits you with a battleaxe!
* * * LOW HITPOINT WARNING * * *
You barely miss the orc warrior.
The orc warrior is almost dead.
The orc warrior hits you with a battleaxe!
You die...

#.# #.#
#.# #.#
#.# #.#
#.# #.#
###.# #.#
....# #.#
##### #.#
#.# #♣#
#o# #o#
##########
#o#
.........#
.o#
########.#
.##
########.#
.
.....).#.#
#.
######.#.#


You could see an orc warrior, an orc priest and 2 orcs.

Vanquished Creatures
  An orc warrior (D:4)
  2 ogres
  An ice beast (D:5)
  2 phantoms
  A necrophage (D:6)
  2 centaurs (D:5)
  4 big kobolds
  Blork the orc (D:6)
  A scorpion (D:6)
  A centaur zombie (D:5)
  3 crimson imps
  3 orc priests
  A bullfrog skeleton (D:4)
  An iguana (D:4)
  Ijyb (D:3)
  Terence (D:3)
  3 orc wizards
  7 worker ants
  A hound zombie (D:6)
  A worker ant zombie (D:5)
  7 gnolls
  13 adders
  A shadow imp (D:6)
  An ooze (Sewer)
  An adder skeleton (D:4)
  3 worms
  2 dart slugs
  6 leopard geckos
  15 orcs
  4 giant cockroaches
  4 goblins
  4 hobgoblins
  3 quokkas
  4 ball pythons
  7 bats
  A frilled lizard (D:1)
  18 kobolds
  2 leopard gecko skeletons
  19 rats
153 creatures vanquished.

Notes
Turn   | Place    | Note
-------+----------+-------------------------------------------
     0 | D:1      | Felrender the Demonspawn Fighter began the quest for the
                  | Orb.
     0 | D:1      | Reached XP level 1. HP: 18/18 MP: 1/1
   109 | D:1      | Gained mutation: When seriously injured, your bleeding
                  | wounds create armour. (AC +0) [demonic ancestry]
   109 | D:1      | Reached XP level 2. HP: 24/24 MP: 2/2
   467 | D:1      | Reached XP level 3. HP: 26/29 MP: 3/3
   637 | D:2      | Reached skill level 2 in Long Blades
   901 | D:2      | Reached XP level 4. HP: 22/35 MP: 4/4
  1514 | D:3      | Gained mutation: You have a pair of small antennae on your
                  | head. [demonic ancestry]
  1514 | D:3      | Reached XP level 5. HP: 27/42 MP: 5/5
  1602 | D:3      | Noticed Ijyb
  1622 | D:3      | Killed Ijyb
  1622 | D:3      | Reached skill level 3 in Long Blades
  1728 | D:3      | Found a white marble altar of Elyvilon.
  1770 | D:3      | Noticed Terence
  1784 | D:3      | Killed Terence
  1989 | D:3      | Found a stormy altar of Qazlal.
  2065 | D:4      | Noticed an orc warrior
  2186 | D:4      | Noticed a phantom
  2236 | D:4      | Killed a phantom
  2236 | D:4      | Reached XP level 6. HP: 29/48 MP: 6/6
  2347 | D:4      | Reached skill level 4 in Long Blades
  2347 | D:4      | Reached skill level 1 in Dodging
  2461 | D:4      | Found a sparkling altar of Nemelex Xobeh.
  2571 | D:4      | Killed an orc warrior
  2571 | D:4      | Gained mutation: When seriously injured, your bleeding
                  | wounds create thick armour. (AC +0) [demonic ancestry]
  2571 | D:4      | Reached XP level 7. HP: 30/54 MP: 7/7
  2869 | D:4      | Found a blossoming altar of Fedhas.
  3088 | D:4      | Reached skill level 5 in Long Blades
  3421 | D:5      | Entered Level 5 of the Dungeon
  3945 | D:5      | Gained mutation: You have a pair of antennae on your head.
                  | [demonic ancestry]
  3945 | D:5      | Reached XP level 8. HP: 61/61 MP: 8/8
  3983 | D:5      | Reached skill level 6 in Long Blades
  4376 | D:6      | Reached skill level 5 in Shields
  4389 | D:6      | Found a snail-covered altar of Cheibriados.
  4402 | D:6      | Reached skill level 5 in Fighting
  4522 | D:6      | Found a glowing drain.
  4617 | Sewer    | Entered a sewer
  5086 | D:6      | Reached skill level 7 in Long Blades
  5101 | D:6      | Found a shimmering altar of Xom.
  5298 | D:6      | Reached skill level 5 in Armour
  5298 | D:6      | Reached XP level 9. HP: 56/67 MP: 9/9
  5323 | D:6      | Noticed Blork the orc
  5341 | D:6      | Killed Blork the orc
  5807 | D:6      | Slain by an orc warrior

Vault maps used:
D:1:      dpeg_arrival_ratfight
D:2:      wad_crossroads, nicolae_overflow_hidden_temple, lemuel_crystal_altar,
          kennysheep_generic_room_10
D:3:      elyvilon_altar_5, lemuel_round_altar, first_ration, uniq_ijyb,
          uniq_terence
D:4:      nicolae_overflow_crystal_walls, overflow_temple_1_default,
          guppyfry_early_orc_mine
D:6:      minmay_temple_entry_nine_rooms, gup_sewer_entry_glass, basic_altar,
          cheibriados_altar_1, uniq_blork_the_orc
Sewer:    kennysheep_pipe_town

Skill      XL: |  1  2  3  4  5  6  7  8 |
---------------+-------------------------+-----
Shields        | 3 4 5 |  5.5
Long Blades    | 2 3 4 5 7 |  7.1
Armour         | 3 4 5 |  5.3
Fighting       | 4 5 |  5.5
Dodging        | 1 2 |  2.1
Stealth        | |  0.3
Unarmed Combat | |  0.3

Action                   |  1- 3 |  4- 6 |  7- 9 || total
-------------------------+-------+-------+-------++-------
Melee: Long sword        |    90 |   161 |   393 ||   644
       Unarmed           |       |     9 |       ||     9
  Use: Scroll            |     4 |     6 |     4 ||    14
       Potion            |       |       |     6 ||     6
  Eat: Chunk             |       |     6 |    22 ||    28
       Ration            |       |       |     1 ||     1
Armor: Scale mail        |    30 |    56 |    58 ||   144
       Skin              |       |     1 |    37 ||    38
       Plate armour      |       |       |   165 ||   165
Dodge: Dodged            |    26 |    51 |    76 ||   153
Block: Shield            |    44 |    73 |   215 ||   332
       Rpst.: Long sword |     8 |    12 |    17 ||    37

Table legend:
 A = Non-vault XP
 B = Vault XP
 C = Vault XP percentage of total XP
 D = Non-vault monster count
 E = Vault monster count
 F = Vault count percentage of total count
                 A         B        C        D         E       F
            +---------+---------+-------+---------+---------+-------
      Total |    2209 |     757 |  25.5 |     106 |      47 |  30.7
            +---------+---------+-------+---------+---------+-------
        D:1 |      36 |       5 |  12.2 |      14 |       5 |  26.3
        D:2 |      92 |       7 |   7.1 |      23 |       3 |  11.5
        D:3 |      91 |      67 |  42.4 |      11 |       2 |  15.4
        D:4 |     485 |     226 |  31.8 |      17 |       7 |  29.2
        D:5 |     803 |       0 |   0.0 |      21 |       0 |   0.0
        D:6 |     702 |     119 |  14.5 |      20 |       6 |  23.1
      Sewer |       0 |     333 | 100.0 |       0 |      24 | 100.0
            +---------+---------+-------+---------+---------+-------
